 Dungeon Crawl Stone Soup version 0.28.0-62-gf88900778d (webtiles) character file.

Game seed: 786154941958756443

4 Mickster the Chopper (level 1, -1/20 HPs)
             Began as a Hill Orc Berserker on May 2, 2023.
             Was a Follower of Trog.
             Frozen to death by an endoplasm (5 damage)
             ... on level 1 of the Dungeon.
             The game lasted 00:03:28 (206 turns).

Mickster the Chopper (Hill Orc Berserker)            Turns: 206, Time: 00:03:29

Health: -1/20      AC:  2    Str: 19    XL:     1   Next: 60%
Magic:  1/1        EV: 11    Int:  7    God:    Trog [*.....]
Gold:   8          SH:  0    Dex: 10    Spells: 0/0 levels left

rFire   . . .      SeeInvis .   a - +0 hand axe
rCold   . . .      Faith    .   (no shield)
rNeg    . . .      Spirit   .   b - +0 animal skin
rPois   .          Reflect  .   (no helmet)
rElec   .          Harm     .   (no cloak)
rCorr   .          Rampage  .   (no gloves)
Will    .....                   (no boots)
Stlth   +.........              (no amulet)
HPRegen 0.06/turn               (no ring)
MPRegen 0.07/turn               (no ring)

@: no status effects
A: no striking features
a: Renounce Religion, Berserk


You were on level 1 of the Dungeon.
You worshipped Trog.
Trog was aware of your devotion.
You visited 1 branch of the dungeon, and saw 1 of its levels.

You collected 8 gold pieces.

Inventory:

Hand Weapons
 a - a +0 hand axe (weapon)
Missiles
 c - 3 poisoned darts (quivered)
Armour
 b - a +0 animal skin (worn)
Scrolls
 d - a scroll of fear {unknown}


   Skills:
 + Level 3.7 Fighting
 + Level 4.2 Axes
 + Level 2.2 Armour
 + Level 1.5 Dodging


You couldn't memorise any spells.
You didn't know any spells.
Your spell library was empty.

Dungeon Overview and Level Annotations

Branches:
Dungeon (1/15)

Altars:

Shops:
D:1 (


Message History

Press: ? - help, Q - select action Shift-Dir - straight line, f/p - bat
Aim: a bat (39% to hit)
You throw a poisoned dart. The poisoned dart hits the bat.
The bat is poisoned.
The bat closely misses you.
Throw: dart (poison)
Press: ? - help, Q - select action Shift-Dir - straight line, f/p - bat
Aim: a bat (heavily wounded, poisoned, 39% to hit)
You throw a poisoned dart.
The poisoned dart barely misses the bat.
The bat hits you.
* * * LOW HITPOINT WARNING * * *
Unknown command.
The bat hits you.
* * * LOW HITPOINT WARNING * * *
You see here a poisoned dart.
You hit the bat.
You kill the bat!
Trog accepts your kill.
c - a poisoned dart
c - 2 poisoned darts (gained 1)
There are no items here.
c - 3 poisoned darts (gained 1)
There are no items here.
d - a scroll labelled FUGGECZ OHETUU
Found Qous's Antique Weapon Shoppe.
You now have 8 gold pieces.
Found an escape hatch in the floor.
There is an entrance to Qous's Antique Weapon Shoppe here.
There is an escape hatch in the floor here.
You open the door.
There is an open door here.
An endoplasm comes into view.
The endoplasm quivers.
An endoplasm comes into view.
Found a stone staircase leading down.
You hit the endoplasm but do no damage.
The endoplasm quivers.
The endoplasm freezes you.
You are frozen.
You die...

.# .# # ..
####.#..# ###...
#..# #
#...#####.#### #
#...'...#....### #
#.@.8.>.∩.8....####
#.J.###............
#...# #............
#...# ##.........).
#.... ########....
#..... #.... #....J
#.... ###.... #....
#....


You could see 2 endoplasms.

Vanquished Creatures
  4 bats (D:1)
  A goblin (D:1)
5 creatures vanquished.

Notes
Turn   | Place    | Note
-------+----------+-------------------------------------------
     0 | D:1      | Mickster the Hill Orc Berserker began the quest for the
                  | Orb.
     0 | D:1      | Reached XP level 1. HP: 19/19 MP: 1/1
     2 | D:1      | Noticed a troll
     2 | D:1      | Noticed a ghoul
     4 | D:1      | Noticed an octopode
     4 | D:1      | Noticed a human
     6 | D:1      | Noticed a merfolk
     8 | D:1      | Noticed a minotaur
    10 | D:1      | Noticed a spriggan
    12 | D:1      | Noticed an elf
    12 | D:1      | Noticed a demonspawn
    14 | D:1      | Noticed a formicid
    14 | D:1      | Noticed a felid
    16 | D:1      | Noticed a vine stalker
    18 | D:1      | Noticed a naga
    18 | D:1      | Noticed a draconian
    20 | D:1      | Noticed a dwarf
    20 | D:1      | Noticed a vampire
    22 | D:1      | Noticed a demigod
    22 | D:1      | Noticed a gargoyle
    24 | D:1      | Noticed a tengu
    26 | D:1      | Noticed an ogre
   156 | D:1      | HP: 1/20 [bat (1)]
   180 | D:1      | Found Qous's Antique Weapon Shoppe.
   206 | D:1      | Frozen to death by an endoplasm

Illustrated notes

Levels and vault maps discovered:
D:1:      kb_arrival_jail, layout_basic, serial_shops, shop_statue

Action                   || total
-------------------------++-------
Melee: Hand axe          ||    39
Throw: Dart              ||     7
Armor: Animal skin       ||    41
Dodge: Dodged            ||    61
